 Dungeon Crawl Stone Soup version 0.29.1-15-g9cfb28693d (webtiles) character file.

Game seed: 4494555458441163190

5667 Garmo the Spear-Bearer (level 10, 0/90 HPs)
             Began as a Merfolk Gladiator on Mar 25, 2023.
             Was a Follower of Okawaru.
             Killed by nerve-wracking pain
             ... invoked by an orc priest
              (10 damage)
             ... on level 9 of the Dungeon on Mar 26, 2023.
             The game lasted 00:32:58 (12040 turns).

Garmo the Spear-Bearer (Merfolk Gladiator)         Turns: 12040, Time: 00:32:59

Health: 0/90       AC: 14    Str: 18    XL:     10   Next: 75%
Magic:  0/10       EV: 12    Int:  8    God:    Okawaru [*.....]
Gold:   321        SH:  0    Dex: 16    Spells: 9/9 levels left

rFire   . . .      SeeInvis +   a - +1 trident
rCold   . . .      Faith    .   (no shield)
rNeg    . . .      Spirit   +   p - +1 ring mail "Yticrewi" {rPois}
rPois   +          Reflect  .   c - +0 helmet
rElec   .          Harm     .   h - +0 cloak
rCorr   .          Rampage  +   b - +0 pair of gloves
Will    .....                   g - +0 pair of boots {rampage}
Stlth   +.........              j - amulet of guardian spirit
HPRegen 0.25/turn               z - ring of see invisible
MPRegen 0.12/turn               H - +4 ring of protection

@: studying Hexes
A: (nimble swimmer 2), mertail
a: Renounce Religion, Heroism


You were on level 9 of the Dungeon.
You worshipped Okawaru.
Okawaru was aware of your devotion.
You visited 2 branches of the dungeon, and saw 10 of its levels.
You also visited: Ossuary.

You collected 542 gold pieces.
You spent 221 gold pieces at shops.

Inventory:

Hand Weapons
 a - a +1 trident (weapon)
Missiles
 d - 3 throwing nets {!f}
 u - 18 poisoned darts
 v - a javelin
 B - 3 boomerangs of dispersal {!f}
 K - 2 boomerangs
 L - a curare-tipped dart {!f}
Armour
 b - a +0 pair of gloves (worn)
   (You found it on level 5 of the Dungeon)
 c - a +0 helmet (worn)
 e - +0 acid dragon scales
   (You found it on level 8 of the Dungeon)
 g - a +0 pair of boots of rampaging (worn)
   (You found it on level 1 of the Dungeon)
 h - a +0 cloak (worn)
   (You found it on level 5 of the Dungeon)
 p - the +1 ring mail "Yticrewi" (worn) {rPois}
   (You found it on level 2 of the Dungeon)

   rPois:     It protects you from poison.
 G - a +0 kite shield
   (You took it off an orc on level 6 of the Dungeon)
 Q - a +0 tower shield
   (You found it on level 8 of the Dungeon)
Jewellery
 j - an amulet of guardian spirit (around neck)
   (You found it on level 1 of the Dungeon)
 z - a ring of see invisible (left hand)
   (You found it on level 1 of the Dungeon)
 H - a +4 ring of protection (right hand)
   (You found it on level 6 of the Dungeon)
 P - a ring of ice
   (You found it on level 8 of the Dungeon)
Wands
 E - a wand of light (12) (quivered)
   (You found it on level 4 of the Dungeon)
 M - a wand of polymorph (12)
   (You took it off a kobold on level 8 of the Dungeon)
Scrolls
 f - a scroll of blinking
 o - 4 scrolls of enchant weapon
 q - 3 scrolls of teleportation {@r4}
 r - 2 scrolls of amnesia
 y - 2 scrolls of noise {unknown}
 A - 2 scrolls of brand weapon {unknown}
 F - 2 scrolls of butterflies
 I - 2 scrolls of immolation {!r}
 J - a scroll of magic mapping
 N - a scroll of fear {unknown}
 O - a scroll of vulnerability {!r}
Potions
 i - a potion of invisibility {unknown}
 k - 3 potions of attraction {!q}
 l - 2 potions of heal wounds {@q2}
 m - 5 potions of curing {@q1}
 n - 2 potions of ambrosia {unknown}
 s - 3 potions of might
 t - 2 potions of lignification {!q}
 w - a potion of brilliance {unknown}
 x - 3 potions of mutation {unknown}
 C - 4 potions of flight
 D - 2 potions of haste {@q3}


   Skills:
 + Level 12.3 Fighting
 - Level 14.0 Polearms
 - Level 2.0 Throwing
 - Level 4.0 Dodging
 * Level 3.5 Shields
 + Level 0.3 Invocations


You had 9 spell levels left.
You didn't know any spells.
Your spell library contained the following spells:

 Spells                   Type           Power      Damage    Failure   Level
 Freeze                   Ice            0%         1d3       61%         1
 Frozen Ramparts          Ice            0%         1d1       93%         3
 Stone Arrow              Conj/Erth      0%         3d7       93%         3
 Hailstorm                Conj/Ice       0%         3d3       100%        4
 Blade Hands              Tmut           0%         N/A       100%        5
 Irradiate                Conj/Tmut      0%         3d11      100%        5
 Dragon Form              Tmut           0%         N/A       100%        7
 Lehudib's Crystal Spear  Conj/Erth      0%         10d2      100%        8
 Animate Armour           Summ/Erth      Unusable   N/A       N/A         4

Dungeon Overview and Level Annotations

Branches:
Dungeon (9/15) Zot: 26867  Temple (1/1) D:7 Zot: 5931 Ossuary (visited)
   Lair: D:8-11         Orc: D:9-12

Altars:
Ashenzari
Cheibriados
Dithmenos
Elyvilon
Fedhas
Gozag
Hepliaklqana
Kikubaaqudgha
Makhleb
Nemelex Xobeh
Okawaru
Qazlal
Ru
Sif Muna
Trog
Uskayaw
Vehumet
Wu Jian
Xom
Yredelemnul
Zin
The Shining One

Shops:
D:2 (   D:6 (!(*

Annotations:
D:4 2 transporters, vampirul's ghost, amateur GnHu


Innate Abilities, Weirdness & Mutations

((You are very nimble when in or above water. (Stealth+, EV+, Speed+++)))
Your lower body shifts to a powerful aquatic tail in water.


Message History

* * * LOW HITPOINT WARNING * * *
You puncture the orc warrior!
You kill the orc warrior!
Okawaru accepts your kill.
The orc warrior hits you from afar with a +0 halberd!
* * * LOW HITPOINT WARNING * * *
The orc hits you but does no damage.
The orc priest hits you with a +0 dagger.
* * * LOW HITPOINT WARNING * * *
The orc barely misses you.
You feel much better. The orc warrior barely misses you.
The orc hits you with a +6 whip.
* * * LOW HITPOINT WARNING * * *
The orc closely misses you.
The orc priest casts a cantrip, but nothing happens.
The orc priest hits you but does no damage.
Unknown command.
The orc misses you. The orc attacks as you move away!
The orc hits you with a +6 whip.
* * * LOW HITPOINT WARNING * * *
The orc priest attacks as you move away!
The orc priest hits you but does no damage.
Your surroundings suddenly seem different.
A gnoll sergeant, 2 gnolls and an orc come into view.
Found a glaive and a scroll of teleportation.
The gnoll sergeant shouts!
The gnoll shouts! x2; The orc shouts!
You hear a shout!
You hear a croak.
You hear an angry buzzing noise.
You hear a bellow!
A bullfrog comes into view.
An orc priest comes into view. It is wielding a +0 flail.
A gnoll comes into view. It is wielding a +0 halberd.
A yak comes into view.
As you read the scroll of teleportation {@r4}, it crumbles to dust.
You feel strangely unstable.
The yak bellows!
You hear a shout!
A hornet comes into view.
A wyvern comes into view.
The gnoll sergeant hits you from afar with a +0 spear.
* * * LOW HITPOINT WARNING * * *
A yak comes into view.
Found an escape hatch in the ceiling.
The yak bellows!
Your surroundings suddenly seem different.
The orc shouts!
The orc priest mumbles some strange prayers to Beogh against you.
Pain shoots through your body!
* * * LOW HITPOINT WARNING * * *
The orc shouts!
The orc priest invokes the aid of Beogh against you.
Pain shoots through your body!
You die...

##...#..#.... ##
...##.......#...##..##
. .... .....(..#......#
. ....# ##....# #..
..## . ...
#.....###.##...#
##.##...#.#.#....##
#.....o.##.)......#
##....oo.o.......#
#.<@.o$.o.###...##
#..........###...#
#.###......###...# #.
#.......)...#.#
...#...#)###.#...# .
#...#...#.....#...... .
...##...[.#........[...
..
..#......##o.....###.#
.. #......#.....#### .#


You could see an orc warrior, 2 orc priests and 3 orcs.

Vanquished Creatures
  A two-headed ogre (D:6)
  A shadow (D:6)
  A yak (D:6)
  A steam dragon (D:7)
  Menkaure (D:4)
  An acid dragon (D:8)
  2 water moccasins
  An ice beast (D:8)
  2 orc warriors
  2 black bears
  2 sky beasts (D:7)
  2 centaurs
  An ogre (D:5)
  A phantom (D:5)
  3 kobold brigands
  An elf zombie (Ossuary)
  4 bullfrogs
  A gnoll sergeant (D:6)
  3 necrophages
  4 scorpions
  7 wights
  11 killer bees (D:8)
  2 howler monkeys (D:6)
  4 hounds
  2 human zombies (Ossuary)
  5 jellies
  7 orc priests
  A centaur zombie (Ossuary)
  A gnoll bouda (D:6)
  5 iguanas
  9 orc wizards
  2 mummies (Ossuary)
  6 gnolls
  10 adders
  2 shadow imps
  3 white imps
  2 ufetubi (D:5)
  A worm (D:5)
  40 orcs
  11 bats
  4 endoplasms
  4 giant cockroaches
  4 goblins
  8 hobgoblins
  5 quokkas
  4 ball pythons
  7 frilled lizards
  A goblin zombie (Ossuary)
  7 hobgoblin zombies (Ossuary)
  2 jackal zombies (Ossuary)
  24 kobolds
  12 kobold zombies (Ossuary)
  10 orc zombies (Ossuary)
  7 rats (D:2)
  A rat zombie (Ossuary)
  A spectral orc (D:7)
267 creatures vanquished.

Vanquished Creatures (others)
  2 plants (D:9)
2 creatures vanquished.

Grand Total: 269 creatures vanquished

Notes
Turn   | Place    | Note
-------+----------+-------------------------------------------
     0 | D:1      | Garmo the Merfolk Gladiator began the quest for the Orb.
     0 | D:1      | Reached XP level 1. HP: 16/16 MP: 1/1
   250 | D:1      | Reached XP level 2. HP: 23/23 MP: 2/2
  1087 | D:2      | Found Jecif's Weapon Boutique.
  1094 | D:2      | Reached skill level 5 in Polearms
  1123 | D:2      | Reached XP level 3. HP: 25/28 MP: 3/3
  1318 | D:2      | Identified the +1 ring mail "Yticrewi" {rPois}
  1979 | D:2      | Found a faded altar of an unknown god.
  2257 | D:2      | Reached XP level 4. HP: 35/35 MP: 4/4
  3207 | D:3      | Reached skill level 6 in Polearms
  3865 | D:4      | Reached XP level 5. HP: 42/42 MP: 5/5
  4022 | D:4      | Noticed vampirul's ghost (amateur GnHu)
  4053 | D:4      | Reached XP level 6. HP: 31/49 MP: 2/6
  4175 | D:4      | Reached skill level 7 in Polearms
  4338 | D:4      | Found a sacrificial altar of Ru.
  4354 | D:4      | Reached skill level 5 in Fighting
  4560 | D:4      | Found a transporter.
  4561 | D:4      | Found a transporter.
  4757 | D:4      | Noticed Menkaure
  4778 | D:4      | Killed Menkaure
  4779 | D:4      | Reached skill level 8 in Polearms
  4779 | D:4      | Reached XP level 7. HP: 28/57 MP: 4/7
  5090 | D:5      | Entered Level 5 of the Dungeon
  5890 | D:5      | Reached skill level 9 in Polearms
  6020 | D:5      | Reached XP level 8. HP: 67/67 MP: 8/8
  6092 | D:5      | Reached skill level 10 in Polearms
  6652 | D:6      | Found Uhuhouk's Weapon Shop.
  7066 | D:6      | Reached skill level 11 in Polearms
  7101 | D:6      | Reached XP level 9. HP: 62/75 MP: 9/9
  7131 | D:6      | Found a sand-covered staircase.
  7136 | Ossuary  | Entered an ossuary
  7545 | D:6      | Noticed a two-headed ogre
  8090 | D:6      | Found Feuskaud's Distillery.
  8098 | D:6      | Bought a potion of might for 52 gold pieces
  8098 | D:6      | Bought a potion of haste for 130 gold pieces
  8098 | D:6      | Bought a potion of lignification for 39 gold pieces
  8152 | D:6      | Reached skill level 12 in Polearms
  8783 | D:6      | Killed a two-headed ogre
  8784 | D:6      | Reached skill level 10 in Fighting
  8784 | D:6      | Reached skill level 13 in Polearms
  9027 | D:6      | Found Vish's Assorted Antiques.
  9090 | D:6      | Found Dutiasurch's Weapon Shop.
  9245 | D:6      | Reached XP level 10. HP: 74/86 MP: 7/10
  9420 | D:7      | Found a staircase to the Ecumenical Temple.
  9431 | Temple   | Entered the Ecumenical Temple
  9478 | Temple   | Became a worshipper of Warmaster Okawaru
  9810 | D:7      | Found a basalt altar of Yredelemnul.
 10294 | D:7      | Found a glowing silver altar of Zin.
 10453 | D:7      | Reached skill level 14 in Polearms
 10541 | D:8      | Reached * piety under Okawaru
 10990 | D:8      | Reached skill level 1 in Shields
 11369 | D:8      | Reached ** piety under Okawaru
 12040 | D:9      | Killed from afar by an orc priest

Illustrated notes

Levels and vault maps discovered:
D:1:      dpeg_arrival_signposts, layout_basic
D:2:      layout_basic, shapermc_ecumenical_altar_mp_vishouse, serial_shops,
          nicolae_shop_bloodbath_and_beyond, corexii_leaking_fountain,
          minmay_quadrilaterals
D:3:      layout_basic
D:4:      layout_basic, mainiacjoe_overflow_tiny_flanked, gammafunk_ghost_arena,
          uniq_menkaure
D:5:      layout_basic
D:6:      layout_cave_pods, serial_shops, kennysheep_little_box, shop, shop,
          nicolae_shop_advertising_works [nicolae_subvault_shop_adworks],
          enter_ossuary_2, minivault_22, grunt_ministairs_13, st_stairs_12,
          minmay_manual_mess
D:7:      layout_loops_ring, zin_scriptorium,
          yredelemnul_forgotten_temple_becter, minmay_temple_entry_grid,
          enter_bailey_7, kennysheep_generic_room_6
D:8:      layout_loops_ring, roderic_batcave
D:9:      layout_cave_pools, orc_0_dummy, serial_bayou_pond_b
Temple:   hellmonk_temple_of_storms

Skill      XL: |  1  2  3  4  5  6  7  8  9 10 |
---------------+-------------------------------+-----
Polearms       | 5 6 8 9 11 13 14 | 14.0
Fighting       | 3 4 5 7 8 10 12 | 12.3
Shields        | 3 |  3.5
Throwing       | |  2.0
Dodging        | |  4.0
Invocations    | |  0.3

Action                   |  1- 3 |  4- 6 |  7- 9 | 10-12 || total
-------------------------+-------+-------+-------+-------++-------
Melee: Trident           |   116 |   170 |   473 |   379 ||  1138
       Punch             |       |     1 |     5 |     8 ||    14
Throw: Dart              |       |       |     4 |       ||     4
Invok: Heroism           |       |       |       |     1 ||     1
Evoke: Wand              |       |       |     1 |       ||     1
  Use: Scroll            |       |       |    12 |     3 ||    15
       Potion            |       |       |       |     4 ||     4
 Stab: Sleeping          |     1 |       |       |       ||     1
Armor: Leather armour    |    28 |       |       |       ||    28
       Ring mail         |    14 |    59 |   146 |   117 ||   336
Dodge: Dodged            |    52 |   104 |   227 |   166 ||   549
